 Dungeon Crawl Stone Soup version 0.32-a0-120-gfac0567ad4 (webtiles) character file.

Game seed: 3135369533916887672

751 lunkers the Spear-Bearer (level 7, 0/99 HPs)
             Began as an Oni Gladiator on Feb 6, 2024.
             Succumbed to a scorpion's poison
             ... on level 5 of the Dungeon.
             The game lasted 00:07:31 (3527 turns).

lunkers the Spear-Bearer (Oni Gladiator)            Turns: 3527, Time: 00:07:31

Health: 0/99       AC: 23    Str: 21    XL:     7   Next: 78%
Magic:  7/7        EV:  1    Int:  9    God:
Gold:   149        SH:  0    Dex: 10    Spells: 6/6 levels left

rFire   . . .        a - +1 trident
rCold   . . .        (no shield)
rNeg    . . .        b - melded +0 robe
rPois   +            o - melded +1 hat
rElec   .            g - melded +0 cloak
rCorr   .            (gloves unavailable)
SInv    .            (boots unavailable)
Will    .....        (no amulet)
Stlth   +            (no ring)
HPRegen 0.36/turn    (no ring)
MPRegen 0.10/turn

%: no passive effects
@: lethally poisoned (0 -> -1), tree-form, studying Long Blades
A: stationary, stasis, torment immunity, boosted hp, large, unfitting armour,
(horns 1), (tough skin 1), double potion healing, drunken brawling
a: no special abilities


You were on level 5 of the Dungeon.
You were a tree.
You visited 1 branch of the dungeon, and saw 5 of its levels.

You collected 149 gold pieces.

Inventory:

Hand Weapons
 a - a +1 trident (weapon)
Missiles
 c - 40 stones
 d - 3 throwing nets
 e - a large rock
 l - 5 boomerangs
 u - 5 poisoned darts
Armour
 b - a +0 robe (melded)
 g - a +0 cloak (melded)
 o - a +1 hat (melded)
 r - a +0 cloak
Jewellery
 y - a ring of fire
Wands
 t - a wand of flame (18)
 v - a wand of polymorph (10)
Scrolls
 k - 3 scrolls of vulnerability
 m - a scroll of blinking
 w - a scroll of silence {unknown}
 x - a scroll of summoning {unknown}
Potions
 f - a potion of ambrosia
 h - 2 potions of curing
 i - 2 potions of mutation
 j - a potion of invisibility {unknown}
 n - a potion of heal wounds {unknown}
 p - a potion of enlightenment {unknown}
 q - a potion of lignification
 s - a potion of degeneration {unknown}


   Skills:
 - Level 2.6 Fighting
 + Level 9.0 Polearms
 - Level 2.0 Throwing
 - Level 2.6 Dodging


You had 6 spell levels left.
You didn't know any spells.
Your spell library contained the following spells:

 Spells                   Type           Power      Damage    Failure   Level
 Slow                     Hex            0%         N/A       38%         1
 Confusing Touch          Hex            0%         N/A       77%         3
 Sigil of Binding         Hex            0%         N/A       77%         3
 Vampiric Draining        Necr           0%         2d6       77%         3
 Animate Dead             Necr           0%         N/A       99%         4
 Borgnjor's Vile Clutch   Necr/Erth      0%         N/A       100%        5
 Death Channel            Necr           0%         N/A       100%        6


Dungeon Overview and Level Annotations

Branches:
Dungeon (5/15)
 Temple: D:4-7

Altars:
Xom

Shops:
D:4 [?(=

Annotations:
D:4 3 runed translucent doors, pigah's ghost, novice OnCA
D:5 Grinder


Innate Abilities, Weirdness & Mutations

You are a tree.
Your roots penetrate the ground, keeping you stationary.
You cannot be teleported.
You are immune to unholy pain and torment.
Your maximum health is greatly increased.
Your equipment is partially melded.
You are too large for most types of armour.
((You have a pair of small horns on your head.))
((You have tough skin. (AC +1)))
You gain doubled healing and magic from potions.
Whenever you drink a healing potion, you attack all around you.


Message History

* * * LOW HITPOINT WARNING * * *
The scorpion stings you but does no damage.
You feel sick.
Grinder blinks!
The howler monkey hits you but does no damage.
The scorpion barely misses you.
You can move again.
Unknown command.
Unknown command.
Unknown command.
Unknown command.
Unknown command.
Unknown command.
Unknown command.
Unknown command.
Unknown command.
Unknown command.
Unknown command.
Reach: a) +1 trident
Press: ? - help, Dir - move target, f - howler monkey
Aim: a howler monkey (about 42% to evade your +1 trident)
You hit the howler monkey. You punch the howler monkey.
The howler monkey is heavily wounded.
You feel sick.
The howler monkey hoots and howls with incredible vigour!
The scorpion stings you but does no damage.
Reach: a) +1 trident
Press: ? - help, Dir - move target, f/p - howler monkey
Aim: a howler monkey (heavily wounded, catching its breath, about 42% to evade your +1 trident)
You puncture the howler monkey!
You kill the howler monkey!
You feel sick. The scorpion stings you.
* * * LOW HITPOINT WARNING * * *
Grinder blinks!
Your Polearms skill increases to level 9!
Reach: a) +1 trident
Press: ? - help, Dir - move target, f - scorpion
Aim: a scorpion (about 38% to evade your +1 trident)
You hit the scorpion. Your punch misses the scorpion.
The scorpion is moderately wounded.
You die...

## ### #### .# ##.# .... .##
##..##.... ..## ###
###....#..# ...###.##
##♣#.......# ...#....##
#s.s.......#
<........######...5...##.#
....s...s....##......##..# .
..#......#h..............#...
.###....>....#.#..#.......#
§.....##.....###§.##......#
...#....#........####....##
.5##....#.####... .....#


You could see Grinder and 2 scorpions.

Vanquished Creatures
  Sigmund (D:4)
  An ogre (D:4)
  3 phantoms
  A bombardier beetle (D:4)
  A howler monkey (D:5)
  Crazy Yiuf (D:3)
  An iguana (D:5)
  An orc wizard (D:4)
  Robin (D:4)
  2 adders
  A ribbon worm (D:2)
  A dart slug (D:1)
  10 orcs
  6 ball pythons
  7 bats
  2 endoplasms
  3 giant cockroaches
  7 goblins
  22 hobgoblins
  6 jackals (D:1)
  4 kobolds
  4 quokkas
  A frilled lizard (D:1)
  5 rats
92 creatures vanquished.

Notes
Turn   | Place    | Note
-------+----------+-------------------------------------------
     0 | D:1      | lunkers the Oni Gladiator began the quest for the Orb.
     0 | D:1      | Reached XP level 1. HP: 22/22 MP: 1/1
    59 | D:1      | Reached XP level 2. HP: 26/29 MP: 2/2
   273 | D:1      | Reached skill level 4 in Polearms
   343 | D:1      | Reached XP level 3. HP: 36/36 MP: 3/3
   583 | D:2      | Found a shimmering altar of Xom.
  1351 | D:3      | Reached XP level 4. HP: 41/44 MP: 4/4
  1482 | D:3      | Found a runed translucent door.
  1501 | D:3      | Identified the +6 hammer of Xom {drain, rCorr Str+3 Dex-3}
  1506 | D:3      | Noticed Crazy Yiuf
  1518 | D:3      | Killed Crazy Yiuf
  1519 | D:3      | Reached skill level 5 in Polearms
  2187 | D:4      | Reached XP level 5. HP: 47/50 MP: 5/5
  2211 | D:4      | Noticed Sigmund
  2221 | D:4      | Killed Sigmund
  2222 | D:4      | Reached skill level 7 in Polearms
  2222 | D:4      | Reached XP level 6. HP: 22/59 MP: 6/6
  2499 | D:4      | Found a runed translucent gate.
  2499 | D:4      | Found a runed translucent gate.
  2499 | D:4      | Found a runed translucent gate.
  2505 | D:4      | Noticed pigah's ghost (novice OnCA)
  2545 | D:4      | Noticed Robin
  2591 | D:4      | Killed Robin
  2725 | D:4      | Found a shimmering altar of Xom.
  2747 | D:4      | Found Coownos's Jewellery Shoppe.
  2767 | D:4      | Found Siodick's Weapon Boutique.
  2786 | D:4      | Found Belunk's Armour Boutique.
  2812 | D:4      | Reached XP level 7. HP: 53/66 MP: 7/7
  3016 | D:4      | Found Viufysm's Magic Scroll Emporium.
  3377 | D:5      | Entered Level 5 of the Dungeon
  3388 | D:4      | Reached skill level 8 in Polearms
  3488 | D:5      | Noticed Grinder
  3493 | D:5      | Paralysed by Grinder for 2 turns
  3519 | D:5      | Paralysed by Grinder for 5 turns
  3525 | D:5      | HP: 4/99 [poisoned by a scorpion]
  3526 | D:5      | HP: 1/99 [scorpion (2)]
  3527 | D:5      | Reached skill level 9 in Polearms
  3527 | D:5      | Succumbed to a scorpion's poison

Illustrated notes

Levels and vault maps discovered:
D:1:      lemuel_arrival_broad_hall, layout_rooms
D:2:      layout_basic, basic_altar, minmay_misc_feat_hallway
D:3:      layout_loops_ring, uniq_crazy_yiuf_cottage
D:4:      layout_basic, mainiacjoe_overflow_surrounded_room, serial_shops,
          nicolae_shop_rolling_square, nicolae_shop_crystal,
          nicolae_shop_rolling_square, shop, gammafunk_ghost_necromancy,
          uniq_robin, uniq_sigmund
D:5:      layout_cave_pools, serial_shops, nicolae_shop_trees, uniq_grinder,
          uniq_prince_ribbit1, uniq_ijyb

Skill      XL: |  1  2  3  4  5  6  7 |
---------------+----------------------+-----
Polearms       | 4 5 7 9 |  9.0
Fighting       | |  2.6
Throwing       | |  2.0
Dodging        | |  2.6

Action                     |  1- 3 |  4- 6 |  7- 9 || total
---------------------------+-------+-------+-------++-------
  Melee: Trident           |   106 |   139 |    32 ||   277
         Punch             |     3 |     3 |     4 ||    10
         Headbutt          |     7 |    15 |     4 ||    26
    Use: Scroll            |     5 |     3 |     3 ||    11
         Potion            |       |       |     1 ||     1
   Stab: Sleeping          |     1 |       |       ||     1
 Armour: Robe              |    76 |    63 |    14 ||   153
         Skin              |       |       |    28 ||    28
  Dodge: Dodged            |    86 |    52 |    14 ||   152

Table legend: (Time is in decaauts)
 A = Elapsed time spent in this place.
 B = Non-inter-level travel time spent in this place.
 C = Inter-level travel time spent in this place.
 D = Time resting spent in this place.
 E = Time spent auto-exploring this place.
 F = Levels seen in this place.
 G = Mean time per level.
                   A        B        C        D        E       F      G
               +--------+--------+--------+--------+--------+-----+--------+
         Total |   3531 |   3472 |     59 |    106 |   2753 |   5 |  706.2 |
       Dungeon |   3531 |   3472 |     59 |    106 |   2753 |   5 |  706.2 |
               +--------+--------+--------+--------+--------+-----+--------+

Top non-repeatable levels by time:
     D:4: 1222 daAuts
     D:3: 857 daAuts
     D:2: 766 daAuts
     D:1: 569 daAuts
     D:5: 115 daAuts
